 Dungeon Crawl Stone Soup version 0.19-a0-277-g85cb9a5 (webtiles) character file.

549868 nubinia the Hoplite (level 27, 185/185 HPs)
             Began as a Halfling Air Elementalist on May 24, 2016.
             Was the Champion of Ashenzari.
             Quit the game on level 6 of the Lair of Beasts on May 26, 2016.
             The game lasted 13:30:44 (86579 turns).

nubinia the Hoplite (Halfling Air Elementalist)    Turns: 86579, Time: 13:30:45

Health: 185/185    AC: 21    Str: 12    XL:     27
Magic:  40/40      EV: 42    Int: 21    God:    Ashenzari [******]
Gold:   1951       SH: 28    Dex: 29    Spells: 16 memorised, 1 level left

rFire  + + .     SeeInvis +     s - +7 dagger (protect) (curse)
rCold  + . .     Gourm    .     Y - +2 robe {rN+} (curse)
rNeg   + . .     Faith    .     I - +4 shield {reflect} (curse)
rPois  +         Spirit   .     o - +2 helmet (curse)
rElec  .         Dismiss  .     b - +2 cloak {rPois} (curse)
rCorr  .         Reflect  +     U - +2 pair of gloves {Dex+3} (curse)
SustAt .         Harm     .     F - +0 pair of boots of Dogma {+Fly rC+} (curse)
MR     ++++.     Clarity  +     E - +5 amulet of reflection (curse)
Stlth  ++++++++++               N - ring "Fixkunud" {rF++ AC+2 Dex+4} (curse)
                                x - ring of the Mage {Wiz MR++ Int+3} (curse)

@: deflect missiles, drained, incredibly resistant to hostile enchantments,
uncannily stealthy
A: repulsion field 1, thin skeletal structure 1, mutation resistance 1
a: Curse Item, Scrying, Transfer Knowledge, Renounce Religion, Evoke Flight
}: 3/15 runes: serpentine, barnacled, silver


You were on level 6 of the Lair of Beasts.
You worshipped Ashenzari.
Ashenzari was exalted by your worship.
You were not hungry.

You visited 10 branches of the dungeon, and saw 50 of its levels.
You also visited: Bailey and Wizlab.

You collected 7085 gold pieces.
You spent 5134 gold pieces at shops.

Inventory:

Hand Weapons
 j - the +10 hand crossbow of Cocytus {penet, Str+3 Int+5}
   (You bought it in a shop on level 3 of the Vaults)

   Ammo fired by it will pass through the targets it hits, potentially hitting
   all targets in its path until it reaches maximum range.
   It affects your strength (+3).
   It affects your intelligence (+5).
 s - a cursed +7 dagger of protection (weapon)
Armour
 b - a cursed +2 cloak of poison resistance (worn)
 o - a cursed +2 helmet (worn)
 F - the cursed +0 pair of boots of Dogma (worn) {+Fly rC+}
   (You acquired it on level 10 of the Dungeon)

   It protects you from cold.
   It lets you fly.
   It has a curse placed upon it.
 I - a cursed +4 shield of reflection (worn)
 U - a cursed +2 pair of gloves of dexterity (worn)
 Y - a cursed +2 robe of positive energy (worn)
Jewellery
 x - the cursed ring of the Mage (left hand) {Wiz MR++ Int+3}
   (You took it off a naga on level 3 of the Snake Pit)

   [ring of wizardry]

   It improves your spell success rate.
   It affects your intelligence (+3).
   It affects your resistance to hostile enchantments.
   It has a curse placed upon it.
 E - a cursed +5 amulet of reflection (around neck)
 N - the cursed ring "Fixkunud" (right hand) {rF++ AC+2 Dex+4}
   (You bought it in a shop on level 2 of the Elven Halls)

   [ring of protection]

   It affects your AC (+2).
   It affects your dexterity (+4).
   It greatly protects you from fire.
   It has a curse placed upon it.
Wands
 c - a wand of iceblast (7/15)
 e - a wand of iceblast (4/15)
 v - a wand of lightning (7/15)
 y - a wand of iceblast (5/15)
 z - a wand of acid (3/15)
 C - a wand of teleportation (3/9)
 L - a wand of lightning (5/15)
 S - a wand of heal wounds (4/9)
 T - a wand of digging (14/24)
 X - a wand of disintegration (9/24)
Scrolls
 f - 15 scrolls of identify
 l - 11 scrolls of amnesia
 m - 3 scrolls of recharging
 p - 6 scrolls of fear
 q - 5 scrolls of remove curse
 r - a scroll of enchant armour
 t - 3 scrolls of teleportation
 K - 7 scrolls of magic mapping
 M - a scroll of summoning
 R - 6 scrolls of fog
 V - 5 scrolls of blinking
Potions
 a - 7 potions of agility
 d - 4 potions of brilliance
 g - 8 potions of heal wounds
 k - a potion of might
 n - 3 potions of haste
 u - 3 potions of resistance
 B - 7 potions of cure mutation
 D - 3 potions of cancellation
 G - 5 potions of flight
 H - 18 potions of curing
 O - 3 potions of magic
 P - a potion of invisibility
 W - a potion of berserk rage
Miscellaneous
 i - a lamp of fire
 w - a phantom mirror
 Q - a phial of floods
Comestibles
 h - 16 bread rations


   Skills:
 * Level 14.7 Fighting
 + Level 13.9(17.9) Short Blades
 + Level 18.8(22.4) Dodging
 + Level 19.8(23.3) Stealth
 + Level 22.5(24.6) Shields
 + Level 13.5 Spellcasting
 + Level 10.6(14.8) Conjurations
 + Level 2.9(6.7) Hexes
 + Level 9.2(13.5) Charms
 - Level 1.5(4.5) Necromancy
 + Level 11.4(15.6) Translocations
 + Level 2.2(5.6) Fire Magic
 + Level 11.6(15.8) Air Magic
 - Level 5.5(10.0) Poison Magic
 + Level 4.7(9.1) Evocations


You had one spell level left.
You knew the following spells:

 Your Spells              Type           Power        Failure   Level  Hunger
a - Shock                 Conj/Air       ####         0%          1    None
b - Swiftness             Chrm/Air       ######..     0%          2    None
c - Mephitic Cloud        Conj/Pois/Air  ######..     1%          3    None
d - Lightning Bolt        Conj/Air       ######....   1%          5    ###....
e - Magic Dart            Conj           ####         0%          1    None
f - Force Lance           Conj/Tloc      ######..     1%          4    None
g - Iskenderun's Mystic   Conj           ######..     1%          4    None
h - Dazzling Spray        Conj/Hex       ######       1%          3    None
i - Iskenderun's Battles  Conj/Chrm      ######..     1%          5    ###....
j - Deflect Missiles      Chrm/Air       ######....   1%          6    #####..
k - Sticky Flame          Conj/Fire      ######..     1%          4    None
l - Cause Fear            Hex            #####.....   1%          4    None
m - Blink                 Tloc           N/A          0%          2    None
D - Animate Dead          Necr           N/A          4%          4    None
R - Regeneration          Chrm/Necr      ######....   1%          3    None
S - Animate Skeleton      Necr           N/A          1%          1    None


Dungeon Overview and Level Annotations

Branches:
Dungeon (15/15)            Temple (1/1) D:6            Lair (8/8) D:9
 Shoals (4/4) Lair:3        Snake (4/4) Lair:6        Slime (0/6) Lair:6
    Orc (2/2) D:11            Elf (3/3) Orc:2        Vaults (5/5) D:14
  Crypt (3/3) Vaults:2     Depths (5/5) D:15
   Tomb: Crypt:3        Zot: Depths:5

Altars:
Ashenzari
Cheibriados
Dithmenos
Elyvilon
Fedhas
Gozag
Kikubaaqudgha
Makhleb
Nemelex Xobeh
Okawaru
Pakellas
Qazlal
Ru
Sif Muna
Trog
Ukayaw
Vehumet
Xom
Yredelemnul
Zin
The Shining One

Shops:
D:7 }   D:10 *   D:13 **(:   D:15 !   Orc:2 ([=?*   Elf:1 [   Elf:2 =   Elf:3 %
Shoals:3 *   Vaults:1 (   Vaults:2 (   Vaults:3 (   Vaults:5 =   Depths:2 *

Portals:
Hell: Depths:1 Depths:2 Depths:3 Depths:4
Abyss: Depths:3 Depths:4
Pandemonium: Depths:2 Depths:3

Annotations:
D:5 Menkaure
Shoals:4 Nikola
Snake:3 Saint Roka
Elf:1 exclusion: Roxanne, Roxanne
Elf:3 kroki's ghost, adept GrBe
Depths:4 1 exclusion
Depths:5 Xtahua


Innate Abilities, Weirdness & Mutations

You are small and have problems with some larger weapons.
You are somewhat resistant to further mutation.
You are surrounded by a mild repulsion field. (EV +2)
You have a somewhat thin skeletal structure. (Dex +2, Stealth)


Message History

There is a stone staircase leading up here.
There is a stone staircase leading down here.
You climb downwards.
There is a stone staircase leading up here.
There is a stone staircase leading down here.
You climb downwards.
There is a stone staircase leading up here.
There is a stone staircase leading down here.
You climb downwards.
There is a stone staircase leading up here.
Things that are here:
a +0 shield; a +0 robe; a +0 mace
There is a staircase to the Snake Pit here.
Items here: %%%%% ( ) : [[[
h - 16 bread rations (gained 14) Saving game... please wait.
Welcome back, nubinia the Halfling Air Elementalist.
Ashenzari says: Partake of my vision.
Partake of my curse.
Press ? for a list of commands and other information.
Are you sure you want to abandon this character and quit the game? (Confirm with "yes".)

.#P...#......P.............#.#..P
#.P.#........P...................
....#..........##P....#.PP....#..
.#............#.#.....##......##.
##.............##....####P.##....
#..###.....##.......###...#P..#.
##.#####.....#.P.....#..#....P...
#...##........#P([.....P#..##.P..
##..##..P......)@................
##..#.P.........[[.P.......#.....
...#.P.........#..##.............
..[..P........##..#P....P..P.....
P..#.#....P....#............#....
#....##...P..#..###^.......#...P#
...PP##.#.PP...#####...P#........
...PP##....P....#..#........P.#..
#..PP#P.#......P.#...............


There were no monsters in sight!

Vanquished Creatures
  A greater mummy (Depths:3)
  Sojobo (Depths:3)
  Margery (Depths:3)
  Vashnia (Snake:3)
  A caustic shrike (Depths:2)
  4 golden dragons
  3 tentacled monstrosities
  2 liches
  Jorgrun (Vaults:1)
  2 quicksilver dragons
  8 sphinxes
  5 titans
  3 deep elf blademasters
  7 tentacled starspawn (WizLab)
  A kraken (Shoals:4)
  3 tengu reavers (Depths:2)
  7 shadow dragons
  3 storm dragons
  Ilsuiw (Shoals:3)
  Wiglaf (Vaults:1)
  5 greater nagas
  An azure jelly (shapeshifter) (Vaults:4)
  Donald (Vaults:3)
  10 vault wardens
  10 fire giants
  13 frost giants
  12 deep elf sorcerers
  2 ghouls
  3 orc warlords
  Maud (Lair:3)
  4 iron dragons
  8 deep elf elementalists
  Aizul (Snake:3)
  A caustic shrike skeleton (Crypt:2)
  A war gargoyle (Vaults:4)
  9 ironheart preservers
  14 stone giants
  The ghost of namelastname112 the Covert, a journeyman KoAs of Ukayaw (Lair:7)
  11 very ugly things
  3 vampire knights
  4 deep elf demonologists
  10 deep elf annihilators
  2 eidola (Crypt:1)
  4 spark wasps
  5 salamander stormcallers
  9 ettins
  A green death (Depths:2)
  3 mummy priests (Depths:3)
  11 deep elf death magi
  2 merfolk javelineers (Shoals:3)
  3 crystal guardians (Depths:1)
  22 vault guards
  7 yaktaur captains
  2 jiangshi (Crypt:2)
  6 fire dragons
  3 merfolk impalers
  7 deep elf high priests
  5 entropy weavers
  7 great orbs of eyes
  5 ice dragons
  5 rakshasas
  12 hydras
  5 centaur warriors
  17 naga warriors
  A catoblepas (D:14)
  17 ogre magi
  3 satyrs
  3 merfolk avatars
  An alligator (Snake:3)
  A death knight (Vaults:5)
  An alligator snapping turtle (Shoals:3)
  6 merfolk aquamancers
  12 anacondas
  32 dancing weapons
  7 deep troll shamans
  6 vampire magi
  4 death yaks (Lair:8)
  6 deep troll earth magi
  3 tengu warriors
  16 naga sharpshooters
  2 orc high priests
  12 shock serpents
  2 spriggan berserkers
  A storm dragon zombie (Crypt:2)
  A fire crab (shapeshifter) (Vaults:4)
  32 deep elf knights
  Sonja (D:14)
  4 salamander mystics
  A wretched star (WizLab)
  A fire crab (Vaults:4)
  9 hell knights
  4 iron trolls
  7 sea snakes
  An anaconda zombie (Crypt:2)
  2 shadow wraiths
  15 giant orange brains
  20 deep trolls
  18 skeletal warriors
  3 flayed ghosts
  A shadow demon (Depths:3)
  A gelid demonspawn (Depths:3)
  3 unseen horrors
  An obsidian statue (D:14)
  Pikel (D:8)
  8 naga ritualists
  5 hill giants
  25 deep elf archers
  12 ironbrand convokers
  11 harpies
  7 phantasmal warriors
  2 wolf spider zombies
  16 orc knights
  12 orc sorcerers
  11 cyclopes
  2 large abominations (Depths:4)
  5 wolf spiders
  2 frost giant zombies (Crypt:2)
  A shadow dragon skeleton (Crypt:1)
  An iron dragon zombie (Crypt:1)
  3 wizards
  42 ugly things
  10 mana vipers
  7 necromancers
  80 deep elf magi
  9 salamanders
  2 hornets
  6 fauns
  A salamander (shapeshifter) (Elf:2)
  7 griffons
  6 manticores
  A fire giant skeleton (Crypt:1)
  Maurice (D:11)
  6 sirens
  An iron dragon skeleton (Crypt:1)
  9 elephants
  19 vault sentinels
  6 guardian serpents
  13 naga magi
  33 black mambas
  5 rust devils
  A smoke demon (Depths:3)
  2 gargoyles
  A guardian serpent (shapeshifter) (D:15)
  A molten gargoyle (Depths:1)
  2 water nymphs (Shoals:4)
  A spectral swamp worm (Depths:2)
  A yellow draconian zombie (Crypt:1)
  An eye of devastation (WizLab)
  4 centaur skeletons
  A death yak zombie (Crypt:1)
  9 spiny frogs
  A torpor snail (Lair:6)
  15 freezing wraiths
  3 kobold demonologists
  An orange demon (Depths:3)
  2 yaktaurs (shapeshifter)
  10 komodo dragons
  2 komodo dragons (shapeshifter)
  5 rime drakes
  39 yaktaurs
  A hellwing (Depths:2)
  A catoblepas zombie (Crypt:1)
  An anaconda simulacrum (Crypt:1)
  A yaktaur skeleton (Vaults:4)
  5 guardian mummies (Depths:3)
  7 polar bears (Lair:8)
  A golden dragon simulacrum (Crypt:1)
  A jumping spider (Vaults:4)
  19 merfolk
  2 tengu conjurers (Depths:3)
  A red devil (Depths:3)
  6 trolls
  A tengu simulacrum (Vaults:3)
  32 two-headed ogres
  A two-headed ogre (shapeshifter) (Vaults:2)
  2 hydra skeletons (Crypt:1)
  Prince Ribbit (D:9)
  An ice dragon zombie (Crypt:2)
  A slime creature (shapeshifter) (Vaults:3)
  8 slime creatures
  5 snapping turtles
  An ettin zombie (Crypt:2)
  12 blink frogs
  2 boulder beetles
  A raiju (Lair:8)
  A redback (shapeshifter) (Vaults:2)
  A spriggan (D:7)
  3 shadows
  5 tarantellas
  3 wyverns
  12 redbacks
  6 air elementals
  14 flying skulls
  62 yaks
  A hog (shapeshifter) (Depths:2)
  A human (shapeshifter) (Elf:1)
  Grum (D:8)
  17 humans (D:14)
  A basilisk (shapeshifter) (Vaults:3)
  10 water elementals
  A neqoxec (WizLab)
  2 hungry ghosts
  3 wraiths
  A basilisk (Lair:8)
  3 fire elementals
  21 hippogriffs
  17 vampire mosquitoes
  A steam dragon (D:12)
  4 chaos spawn
  A mottled dragon (Vaults:1)
  3 swamp worms (Snake:3)
  12 wargs
  51 nagas
  A soldier ant (D:10)
  7 water moccasins
  3 hell hounds (Lair:8)
  A soldier ant (shapeshifter) (Depths:1)
  A swamp worm (shapeshifter) (Vaults:4)
  An orb spider zombie (Crypt:2)
  A putrid demonspawn skeleton (Crypt:1)
  5 porcupines
  3 small abominations
  9 black bears (Lair:8)
  2 ice beasts
  2 necrophages (D:12)
  A swamp drake (Snake:3)
  An ice dragon simulacrum (Crypt:1)
  6 sky beasts
  An anubis guard zombie (Crypt:1)
  An eye of draining (D:12)
  61 orc warriors
  2 wasps (Lair:2)
  3 phantoms
  An eye of draining (shapeshifter) (Depths:3)
  An ogre (shapeshifter) (Depths:1)
  4 boggarts (Vaults:1)
  68 ogres
  29 wolves
  24 centaurs
  13 crocodiles
  A crocodile (shapeshifter) (Vaults:2)
  2 big kobolds
  11 earth elementals
  A gnoll sergeant (D:7)
  A wyvern zombie (D:9)
  27 giant frogs
  A scorpion (D:9)
  15 killer bees
  A yak zombie (Crypt:1)
  3 wights (Crypt:1)
  5 electric eels
  A howler monkey (shapeshifter) (Vaults:5)
  A howler monkey (D:6)
  8 crimson imps
  2 centaur zombies
  12 starcursed masses (WizLab)
  4 jellies
  A giant frog zombie (D:13)
  8 hounds
  2 iron imps (Depths:2)
  18 orc priests
  17 orc wizards
  A giant frog skeleton (D:10)
  6 iguanas
  Ijyb (D:2)
  10 worker ants
  23 sheep
  A tengu zombie (Crypt:1)
  An ogre skeleton (Crypt:2)
  A big kobold skeleton (Crypt:1)
  2 naga skeletons
  A hound skeleton (D:7)
  A howler monkey zombie (D:7)
  A worker ant zombie (D:7)
  25 adders
  10 gnolls
  17 river rats
  6 shadow imps
  4 white imps (Depths:2)
  2 ufetubi (Depths:2)
  An ooze (D:3)
  2 adder skeletons
  An adder zombie (D:6)
  4 worms
  3 dart slugs
  7 giant geckos
  90 orcs
  4 giant cockroaches
  11 goblins
  7 hobgoblins
  14 jackals
  22 kobolds
  6 quokkas
  3 ball pythons (Snake:1)
  10 bats
  5 giant newts
  2 jackal skeletons
  A quokka zombie (D:7)
  15 rats
  2 fungi
  A plant (Lair:5)
  7 starspawn tentacles (WizLab)
  5 tentacles (Shoals:4)
2177 creatures vanquished.

Vanquished Creatures (collateral kills)
  A caustic shrike (Depths:3)
  A lich (Vaults:5)
  A titan (Vaults:4)
  A quicksilver dragon (Depths:2)
  A greater naga (Snake:4)
  An azure jelly (shapeshifter) (Depths:3)
  3 fire giants
  2 iron dragons
  2 vault wardens (Vaults:5)
  The ghost of Lugonue the Carver, a journeyman DsGl of Makhleb (Lair:8)
  3 stone giants
  An ironheart preserver (Vaults:5)
  3 very ugly things
  A deep elf annihilator (Elf:3)
  A spark wasp (Depths:3)
  A merfolk javelineer (Shoals:3)
  2 ettins (Vaults:4)
  A merfolk impaler (Shoals:3)
  A mummy priest (Depths:3)
  4 vault guards (Vaults:4)
  A great orb of eyes (WizLab)
  An entropy weaver (Depths:2)
  2 yaktaur captains
  2 naga warriors (Snake:4)
  A rakshasa (Depths:1)
  An ice dragon (Depths:4)
  2 hydras
  2 merfolk aquamancers
  2 anacondas
  5 ogre magi
  A dancing weapon (Elf:2)
  4 merfolk avatars
  A satyr (Shoals:4)
  3 deep troll earth magi (Depths:3)
  A death yak (Lair:8)
  2 deep troll shamans
  An orc high priest (Orc:2)
  A spriggan berserker (Depths:3)
  6 naga sharpshooters
  A skeletal warrior (D:15)
  A sea snake (shapeshifter) (Vaults:4)
  An unseen horror (Depths:4)
  5 sea snakes
  A giant orange brain (Depths:3)
  A deep elf archer (Elf:3)
  3 naga ritualists
  3 phantasmal warriors
  A flayed ghost (Vaults:5)
  An ironbrand convoker (Vaults:4)
  2 fauns (Shoals:4)
  3 deep elf magi
  2 mana vipers
  A cyclops (Shoals:2)
  7 ugly things
  3 manticores
  4 salamanders
  2 elephants (Lair:7)
  2 water nymphs
  10 black mambas
  4 sirens
  3 spiny frogs
  A gargoyle (D:14)
  A naga mage (Snake:4)
  A komodo dragon (shapeshifter) (Elf:3)
  4 spectral swamp worms (Depths:2)
  4 komodo dragons
  7 yaktaurs
  2 freezing wraiths
  A tengu conjurer (D:14)
  A jumping spider (Vaults:4)
  4 two-headed ogres
  A troll (Snake:4)
  2 polar bears (Lair:8)
  A merfolk (Shoals:3)
  A slime creature (shapeshifter) (Vaults:4)
  8 blink frogs
  2 raiju (Lair:8)
  3 slime creatures
  A hornet zombie (D:14)
  8 redbacks
  5 water elementals
  2 wyverns (Lair:8)
  A spriggan (shapeshifter) (Vaults:1)
  A tarantella (Depths:2)
  13 yaks
  2 large abominations (Depths:4)
  3 humans (D:14)
  A hippogriff (Lair:8)
  A neqoxec (Depths:2)
  A chaos spawn (Depths:3)
  9 nagas
  4 wargs (Lair:8)
  A swamp worm (Snake:3)
  A mottled dragon (D:14)
  2 hell hounds (Lair:8)
  5 water moccasins
  5 orc warriors
  3 swamp drakes (Snake:3)
  4 black bears (Lair:8)
  An eye of draining (Lair:6)
  11 wolves
  11 ogres
  A centaur (D:14)
  2 crocodiles (Lair:4)
  4 giant frogs
  A killer bee (D:8)
  An electric eel (Lair:6)
  3 crimson imps
  7 hounds (Lair:8)
  2 orc priests
  2 iguanas
  2 orc wizards
  5 sheep
  A gnoll (shapeshifter) (Vaults:5)
  A howler monkey skeleton (D:10)
  3 adders (Lair:2)
  10 river rats
  A shadow imp (D:9)
  10 orcs
  A hobgoblin (Bailey)
  A jackal (Lair:8)
  3 kobolds
  A giant newt (shapeshifter) (Vaults:5)
  A giant newt (D:9)
  6 fungi
  5 plants
346 creatures vanquished.

Vanquished Creatures (others)
  A deep elf master archer (Elf:3)
  A vault warden (Vaults:5)
  A very ugly thing (Depths:1)
  A stone giant (Depths:4)
  A merfolk javelineer (Shoals:3)
  3 yaktaur captains
  3 centaur warriors
  A naga sharpshooter (Snake:4)
  An unseen horror (D:14)
  A deep elf archer (Elf:3)
  A cyclops (Vaults:1)
  A salamander (Depths:1)
  An eye of devastation (Lair:6)
  Joseph (D:8)
  A black mamba (Snake:3)
  10 yaktaurs
  A merfolk (Shoals:1)
  A water elemental (Depths:4)
  A naga (Snake:4)
  A human (D:6)
  10 centaurs
  An ogre (Vaults:5)
  An orc (Snake:4)
  3 kobolds (Bailey)
  2 bushes (Lair:5)
  12 demonic plants (WizLab)
  24 fungi
  A lost soul (Crypt:2)
  44 plants
  39 starspawn tentacles (WizLab)
  996 starspawn tentacle segments (WizLab)
  20 tentacles (Shoals:4)
  1601 tentacle segments (Shoals:4)
2787 creatures vanquished.

Grand Total: 5310 creatures vanquished

Notes
Turn   | Place    | Note
--------------------------------------------------------------
     0 | D:1      | nubinia the Halfling Air Elementalist began the quest for the Orb.
     0 | D:1      | Reached XP level 1. HP: 11/11 MP: 3/3
   329 | D:1      | Reached XP level 2. HP: 17/17 MP: 0/4
   369 | D:1      | Learned a level 2 spell: Repel Missiles
  1182 | D:1      | Reached XP level 3. HP: 21/21 MP: 1/5
  1227 | D:1      | Learned a level 2 spell: Swiftness
  1491 | D:1      | Reached skill level 1 in Charms
  1871 | D:2      | Reached XP level 4. HP: 27/27 MP: 1/6
  1956 | D:2      | Found a sparkling altar of Nemelex Xobeh.
  2113 | D:2      | Found a basalt altar of Yredelemnul.
  2149 | D:2      | Gained mutation: Your mind is acute. (Int +2) [potion of mutation]
  2195 | D:2      | Noticed Ijyb
  2765 | D:2      | Killed Ijyb
  2765 | D:2      | Reached XP level 5. HP: 29/31 MP: 0/7
  2957 | D:3      | Reached skill level 1 in Conjurations
  3103 | D:3      | Found an oddly glowing altar of Pakellas.
  3106 | D:3      | Found a burning altar of Makhleb.
  3212 | D:3      | Found an ancient bone altar of Kikubaaqudgha.
  3212 | D:3      | Found a snail-covered altar of Cheibriados.
  3213 | D:3      | Found a blossoming altar of Fedhas.
  3213 | D:3      | Found a sparkling altar of Nemelex Xobeh.
  3345 | D:3      | Found a glowing golden altar of the Shining One.
  3717 | D:3      | Found a bloodstained altar of Trog.
  4036 | D:4      | Reached XP level 6. HP: 36/36 MP: 4/9
  4574 | D:4      | Noticed an ogre
  4613 | D:4      | Learned a level 3 spell: Mephitic Cloud
  4921 | D:5      | Entered Level 5 of the Dungeon
  5335 | D:5      | Noticed an orc warrior
  5395 | D:5      | Noticed Menkaure
  6008 | D:5      | Reached skill level 1 in Short Blades
  6069 | D:5      | Noticed an ice beast
  6511 | D:6      | Learned a level 1 spell: Animate Skeleton
  6626 | D:6      | Reached XP level 7. HP: 37/42 MP: 6/10
  7229 | D:6      | Found a staircase to the Ecumenical Temple.
  7237 | Temple   | Entered the Ecumenical Temple
  7397 | Temple   | Became a worshipper of Ashenzari the Shackled
  7545 | D:6      | Reached XP level 8. HP: 47/47 MP: 12/12
  7566 | D:6      | Found an ancient bone altar of Kikubaaqudgha.
  7568 | D:6      | Noticed a human
  7569 | D:6      | Killed a human
  7854 | D:7      | Found Aceus's Gadget Boutique.
  8006 | D:8      | Reached skill level 1 in Fighting
  8026 | D:8      | Noticed Joseph
  8039 | D:8      | Noticed Grum
  8060 | D:7      | Found a glowing silver altar of Zin.
  8443 | D:6      | Reached skill level 5 in Dodging
  9494 | D:2      | Found a basalt altar of Yredelemnul.
  9573 | D:2      | Found a sparkling altar of Nemelex Xobeh.
 10552 | D:2      | Found a sparkling altar of Nemelex Xobeh.
 10907 | D:2      | Found a basalt altar of Yredelemnul.
 11167 | D:3      | Found a bloodstained altar of Trog.
 11300 | D:3      | Found an oddly glowing altar of Pakellas.
 11304 | D:3      | Found a burning altar of Makhleb.
 11306 | D:3      | Found a sparkling altar of Nemelex Xobeh.
 11306 | D:3      | Found a blossoming altar of Fedhas.
 11307 | D:3      | Found an ancient bone altar of Kikubaaqudgha.
 11307 | D:3      | Found a snail-covered altar of Cheibriados.
 11307 | D:3      | Found a glowing golden altar of the Shining One.
 12414 | D:5      | Reached skill level 5 in Air Magic
 13269 | D:6      | Found an ancient bone altar of Kikubaaqudgha.
 13787 | D:6      | Found a staircase to the Ecumenical Temple.
 14090 | D:7      | Found a deep blue altar of Sif Muna.
 14203 | D:7      | Reached XP level 9. HP: 46/53 MP: 10/14
 14541 | D:7      | Learned a level 1 spell: Magic Dart
 14545 | D:7      | Learned a level 3 spell: Static Discharge
 15762 | D:5      | Reached XP level 10. HP: 60/60 MP: 12/16
 15992 | D:8      | Killed Grum
 16226 | D:8      | Found a radiant altar of Vehumet.
 16410 | D:8      | Noticed Pikel
 16430 | D:8      | Killed Pikel
 16430 | D:8      | Reached skill level 5 in Stealth
 16430 | D:8      | Reached skill level 5 in Spellcasting
 16607 | D:8      | Killed Joseph
 17218 | D:9      | Noticed Prince Ribbit
 17254 | D:9      | Killed Prince Ribbit
 17323 | D:9      | Reached skill level 5 in Conjurations
 17355 | D:9      | Found a sacrificial altar of Ru.
 17506 | D:9      | Reached XP level 11. HP: 65/65 MP: 19/19
 17532 | D:9      | Found a staircase to the Lair.
 17660 | D:9      | Noticed a centaur warrior
 17688 | D:9      | Killed a centaur warrior
 17932 | Lair:1   | Entered Level 1 of the Lair of Beasts
 17947 | Lair:1   | Reached skill level 5 in Short Blades
 17987 | Lair:1   | Noticed a four-headed hydra
 18131 | Lair:1   | Reached * piety under Ashenzari
 18729 | Lair:1   | Killed a four-headed hydra
 18729 | Lair:1   | Reached skill level 1 in Necromancy
 19547 | Lair:2   | Reached XP level 12. HP: 72/72 MP: 6/21
 19551 | Lair:2   | Reached ** piety under Ashenzari
 19691 | Lair:2   | Learned a level 3 spell: Regeneration
 19696 | Lair:2   | Learned a level 4 spell: Iskenderun's Mystic Blast
 19700 | Lair:2   | Learned a level 3 spell: Dazzling Spray
 20125 | Lair:3   | Reached skill level 10 in Dodging
 20396 | Lair:3   | Found a staircase to the Shoals.
 20564 | Lair:3   | Reached *** piety under Ashenzari
 20570 | Lair:3   | Noticed Maud
 21064 | Lair:3   | Killed Maud
 21064 | Lair:3   | Reached skill level 1 in Poison Magic
 21719 | Lair:4   | Reached skill level 1 in Shields
 21848 | Lair:4   | Reached skill level 2 in Shields
 21872 | Lair:4   | Reached skill level 3 in Shields
 22151 | Lair:4   | Reached skill level 4 in Shields
 22328 | Lair:5   | Identified the +1 robe "Vej Gutz" {Dex+4}
 22439 | Lair:5   | Reached skill level 5 in Shields
 22539 | Lair:5   | Reached XP level 13. HP: 77/77 MP: 23/23
 22543 | Lair:5   | Reached skill level 6 in Shields
 22594 | Lair:5   | Reached **** piety under Ashenzari
 22598 | Lair:5   | Noticed a four-headed hydra
 22612 | Lair:5   | Killed a four-headed hydra
 22667 | Lair:5   | Noticed a seven-headed hydra
 22697 | Lair:5   | Killed a seven-headed hydra
 22697 | Lair:5   | Reached skill level 7 in Shields
 23065 | Lair:5   | Noticed a seven-headed hydra
 23095 | Lair:5   | Killed a seven-headed hydra
 23095 | Lair:5   | Reached skill level 8 in Shields
 23360 | Lair:5   | Upgraded the game from 0.19-a0-214-g62d10c9 to 0.19-a0-231-gae044c8
 23429 | Lair:6   | Found a staircase to the Snake Pit.
 23552 | Lair:6   | Noticed a six-headed hydra
 23553 | Lair:6   | Found a staircase to the Slime Pits.
 23554 | Lair:6   | Reached skill level 9 in Shields
 23761 | Lair:6   | Killed a six-headed hydra
 23761 | Lair:6   | Reached skill level 10 in Shields
 23913 | Lair:6   | Reached ***** piety under Ashenzari
 24088 | Lair:6   | Reached skill level 10 in Stealth
 24357 | Lair:7   | Noticed namelastname112's ghost (journeyman KoAs)
 24499 | Lair:7   | Killed namelastname112's ghost
 25275 | Lair:8   | Entered Level 8 of the Lair of Beasts
 25379 | Lair:8   | Noticed a five-headed hydra
 25405 | Lair:8   | Killed a five-headed hydra
 25405 | Lair:8   | Reached skill level 1 in Evocations
 25629 | Lair:8   | Noticed Lugonue's ghost (journeyman DsGl)
 25634 | Lair:8   | Reached XP level 14. HP: 83/83 MP: 21/25
 25843 | Lair:8   | Identified the +11 trident "Ameomik" {venom, rPois Dex-3 Stlth+}
 26540 | Lair:8   | Reached skill level 11 in Shields
 27700 | Lair:8   | Killed Lugonue's ghost
 27914 | D:10     | Entered Level 10 of the Dungeon
 27937 | D:10     | Found Fatitoom's Assorted Antiques.
 27944 | D:10     | Bought a runed cloak for 108 gold pieces
 28020 | D:10     | Found a basalt altar of Yredelemnul.
 28049 | D:10     | Reached ****** piety under Ashenzari
 28714 | D:10     | Identified the cursed +1 ring mail of Naurcheo {+Blink} (You found it on level 8 of the Dungeon)
 28742 | D:10     | Identified a scroll of acquirement
 28743 | D:10     | Got the cursed pair of boots of Dogma {+Fly rC+}
 28754 | D:10     | Identified the cursed +0 pair of boots of Dogma {+Fly rC+} (You acquired it on level 10 of the Dungeon)
 29211 | Lair:4   | Learned a level 5 spell: Lightning Bolt
 29342 | D:11     | Noticed Maurice
 29353 | D:11     | Killed Maurice
 29908 | D:11     | Reached XP level 15. HP: 90/90 MP: 14/27
 29963 | D:11     | Found a staircase to the Orcish Mines.
 30064 | Orc:1    | Entered Level 1 of the Orcish Mines
 30171 | Orc:1    | Noticed an orc warlord
 30194 | Orc:1    | Killed an orc warlord
 30457 | Orc:2    | Entered Level 2 of the Orcish Mines
 30468 | Orc:2    | Found Ylata's Antique Armour Shoppe.
 30468 | Orc:2    | Noticed an orc warlord
 30637 | Orc:2    | Found Uraj's Jewellery Boutique.
 31088 | Orc:1    | Killed an orc warlord
 31600 | Orc:2    | Found a staircase to the Elven Halls.
 31814 | Orc:2    | Found Arghesyib's General Store.
 31867 | Orc:2    | Bought a scroll of remove curse for 39 gold pieces
 31913 | Orc:2    | Found Zujozxov's Magic Scroll Emporium.
 31971 | Orc:2    | Paralysed by an orc sorcerer for 4 turns
 32333 | Orc:2    | Found Oliuxenayk's Antique Weapon Boutique.
 32341 | Orc:2    | Bought a glowing rapier for 148 gold pieces
 32654 | Snake:1  | Entered Level 1 of the Snake Pit
 33315 | Snake:1  | Reached skill level 12 in Shields
 34450 | Snake:2  | Reached XP level 16. HP: 97/97 MP: 27/29
 34789 | Snake:2  | Noticed a greater naga
 34794 | Snake:2  | Identified the +3 falchion of the Briny Deep {drain, Dex+2}
 34828 | Snake:2  | Killed a greater naga
 35948 | Snake:3  | Reached skill level 5 in Necromancy
 36445 | Snake:3  | Noticed Vashnia
 36577 | Snake:2  | Noticed a greater naga
 36582 | Snake:2  | Killed a greater naga
 36582 | Snake:2  | Reached skill level 13 in Shields
 36962 | Snake:3  | Noticed Aizul
 37068 | Lair:4   | Learned a level 5 spell: Iskenderun's Battlesphere
 37085 | Shoals:1 | Entered Level 1 of the Shoals
 37099 | Shoals:1 | Reached skill level 5 in Charms
 37127 | Shoals:1 | Reached skill level 5 in Fighting
 37349 | Orc:2    | Bought a +4 ring of evasion for 540 gold pieces
 37819 | Shoals:1 | Reduced skill Necromancy to level 1
 37825 | Shoals:1 | Reached XP level 17. HP: 103/103 MP: 16/30
 38478 | Shoals:2 | Identified the amulet of Dim Light {Dismiss rF+}
 39025 | Shoals:3 | Found Moutwat's Merry Market.
 39439 | Shoals:4 | Entered Level 4 of the Shoals
 39930 | Shoals:4 | Noticed Nikola
 40048 | Shoals:4 | Noticed Ilsuiw
 40401 | Shoals:3 | Killed Ilsuiw
 40926 | Shoals:4 | Identified the Volume of Harmful Lightness
 41446 | Shoals:4 | Noticed a kraken
 41764 | Shoals:4 | Killed a kraken
 41764 | Shoals:4 | Reached skill level 10 in Spellcasting
 41831 | Shoals:4 | Reached XP level 18. HP: 110/110 MP: 13/32
 41842 | Shoals:4 | Reached skill level 14 in Shields
 41881 | Shoals:4 | Got a barnacled rune of Zot
 42479 | Shoals:3 | Bought a potion of mutation for 30 gold pieces
 42479 | Shoals:3 | Gained mutation: Armour fits poorly on your strangely shaped body. [potion of mutation]
 43877 | D:13     | Found Rozufof's Book Shoppe.
 43954 | D:13     | Reached skill level 10 in Short Blades
 43998 | D:13     | Reached skill level 10 in Air Magic
 44086 | D:13     | Found Nyhiu's Antique Weapon Shop.
 44145 | D:13     | Identified the +3 scale mail of Whack-A-Mole {rN++} (You took it off a big kobold on level 13 of the Dungeon)
 44161 | D:13     | Found a glowing golden altar of the Shining One.
 44296 | D:13     | Found Loclekh's General Store.
 44299 | D:13     | Bought a potion of invisibility for 128 gold pieces
 44319 | D:13     | Found Bukkaanemm's Assorted Antiques.
 44765 | D:14     | Found a flagged portal.
 44813 | Bailey   | Entered a bailey
 44933 | Bailey   | Found a runed gate.
 44935 | Bailey   | Found a runed gate.
 44937 | Bailey   | Found a runed gate.
 45078 | Bailey   | Identified the cursed +2 hat "Iggij" {Str+3 Dex-2} (You acquired it in a bailey)
 45650 | D:14     | Found a gate to the Vaults.
 45693 | D:14     | Noticed Sonja
 45700 | D:14     | Killed Sonja
 45724 | D:14     | Identified the +8 hand axe of Law {chop, Str+3 Int+3}
 46858 | D:14     | Lost mutation: Your mind is acute. (Int +2) [potion of cure mutation]
 46858 | D:14     | Lost mutation: Armour fits poorly on your strangely shaped body. [potion of cure mutation]
 47041 | Orc:2    | Bought a transparent spear for 296 gold pieces
 47041 | Orc:2    | Identified the +6 spear of Iddyd {freeze, +Rage rPois rF+} (You bought it in a shop on level 2 of the Orcish Mines)
 47042 | Orc:2    | Upgraded the game from 0.19-a0-231-gae044c8 to 0.19-a0-262-g5df7875
 47176 | D:13     | Bought the Incunabulum of Lightness for 787 gold pieces
 47184 | D:13     | Learned a level 6 spell: Deflect Missiles
 47275 | Vaults:1 | Entered Level 1 of the Vaults
 47366 | Vaults:1 | Noticed Wiglaf
 47368 | Vaults:1 | Killed Wiglaf
 47427 | Vaults:1 | Reached skill level 15 in Stealth
 47775 | Vaults:1 | Reached XP level 19. HP: 119/119 MP: 9/33
 47861 | Vaults:1 | Found Cabi's Antique Weapon Shop.
 47944 | Vaults:1 | Noticed Jorgrun
 47958 | Vaults:1 | Killed Jorgrun
 48247 | Vaults:1 | Gained mutation: You have large cloven feet. [mutagenic meat]
 49534 | Vaults:2 | Found a staircase to the Crypt.
 49534 | Vaults:2 | Found a basalt altar of Yredelemnul.
 49535 | Vaults:2 | Found an ancient bone altar of Kikubaaqudgha.
 49849 | Vaults:2 | Reached skill level 15 in Shields
 50827 | Vaults:2 | Found Ahak's Antique Weapon Boutique.
 50835 | Vaults:2 | Bought a glowing hunting sling for 45 gold pieces
 51473 | Elf:1    | Entered Level 1 of the Elven Halls
 51473 | Elf:1    | Found Otoizeth's Armour Emporium.
 51492 | Elf:1    | Reached XP level 20. HP: 101/128 MP: 24/35
 51627 | Elf:1    | Found a magical portal.
 51632 | WizLab   | Entered Lehudib's Moon Base
 51680 | WizLab   | Reached skill level 1 in Hexes
 51699 | WizLab   | Reached skill level 15 in Dodging
 53218 | WizLab   | Identified the ring of Noubupt {rC++ MR+}
 53222 | WizLab   | Identified An Introduction to the Arcane Arts (You found it in a wizard's laboratory)
 54189 | Elf:1    | Noticed Roxanne
 54449 | Elf:1    | Identified the +5 scale mail of Knowledge {*Drain rN+ rCorr}
 54653 | Elf:1    | Reached skill level 10 in Fighting
 54831 | D:13     | Bought a manual of Shields for 1656 gold pieces
 55211 | Elf:1    | Reached skill level 16 in Shields
 55695 | Elf:2    | Found Dilolioch's Jewellery Emporium.
 55820 | Elf:2    | Reached skill level 17 in Shields
 55828 | Elf:2    | Reached XP level 21. HP: 130/137 MP: 11/36
 56198 | Elf:2    | Reached skill level 18 in Shields
 56419 | Elf:2    | Found a huge runed gate.
 56419 | Elf:2    | Found a huge runed gate.
 56419 | Elf:2    | Found a huge runed gate.
 56419 | Elf:2    | Found a huge runed gate.
 56419 | Elf:2    | Found a huge runed gate.
 57350 | Snake:3  | Killed Aizul
 57350 | Snake:3  | Reached skill level 19 in Shields
 57894 | Snake:3  | Identified the cursed +1 short sword "Sokouc" {pain, Str+5}
 58047 | Snake:4  | Entered Level 4 of the Snake Pit
 58524 | Snake:3  | Reached skill level 20 in Shields
 58615 | Snake:4  | Noticed Saint Roka
 60137 | Snake:3  | Killed Vashnia
 60383 | Snake:4  | Reached XP level 22. HP: 144/144 MP: 34/37
 60522 | Snake:4  | Gained mutation: Your flesh is cold resistant. (rC+) [mutagenic meat]
 60550 | Snake:3  | Gained mutation: You are weak. (Str -2) [mutagenic meat]
 60551 | Snake:3  | Lost mutation: You are weak. (Str -2) [potion of cure mutation]
 60551 | Snake:3  | Lost mutation: You have large cloven feet. [potion of cure mutation]
 60551 | Snake:3  | Lost mutation: Your flesh is cold resistant. (rC+) [potion of cure mutation]
 60770 | Snake:4  | Identified the ring "Xitu" {Ice Str+5} (You took it off a naga ritualist on level 4 of the Snake Pit)
 61185 | Snake:4  | Got a serpentine rune of Zot
 62011 | Vaults:3 | Found Mugriuce's Antique Weapon Boutique.
 62725 | Vaults:3 | Gained mutation: You are surrounded by a mild repulsion field. (EV +2) [mutagenic meat]
 62907 | Vaults:3 | Noticed Donald
 62933 | Vaults:3 | Killed Donald
 63457 | Vaults:4 | Gained mutation: You have a somewhat thin skeletal structure. (Dex +2, Stealth) [mutagenic meat]
 63643 | Vaults:4 | Identified the +3 arbalest of the Mouth {flame, -Tele rF+ Int+8}
 64744 | Vaults:4 | Reached skill level 5 in Poison Magic
 65373 | Elf:3    | Entered Level 3 of the Elven Halls
 65403 | Elf:3    | Found Uppirph's Food Boutique.
 65947 | Elf:3    | Noticed kroki's ghost (adept GrBe)
 66325 | Elf:3    | Reached XP level 23. HP: 99/152 MP: 13/38
 66729 | Elf:3    | Identified the +6 lajatang of the Crushed Hells {drain, rF++ MR++ Int-4} (You took it off a deep elf mage on level 3 of the Elven Halls)
 67542 | Elf:3    | Identified the +8 war axe "Miffeh" {holy, Dex+2 SInv} (You took it off a deep elf high priest on level 3 of the Elven Halls)
 67855 | Elf:3    | Identified the cursed +0 ring mail of Gouvoa Usack {Str+5 Dex+2}
 67869 | Elf:3    | Learned a level 4 spell: Force Lance
 67874 | Elf:3    | Identified the Almanac of the Mountains
 67876 | Elf:3    | Identified the Reference Book on Ice and Aid
 68557 | D:15     | Entered Level 15 of the Dungeon
 68926 | D:15     | Reached skill level 1 in Translocations
 69158 | D:15     | Found Riyky's Distillery.
 69178 | D:15     | Identified the +9 whip of Jutiedd {freeze, +Rage rPois Int+5}
 69207 | D:15     | Found a staircase to the Depths.
 69840 | Depths:1 | Entered Level 1 of the Depths
 70110 | Depths:1 | Learned a level 4 spell: Sticky Flame
 70115 | Depths:1 | Learned a level 4 spell: Control Undead
 70127 | Depths:1 | Found a gateway to Hell.
 70586 | Depths:1 | Reached skill level 21 in Shields
 71120 | Depths:1 | Identified the +5 morningstar of Qagueh {flame, rC+ Str+4 SInv} (You took it off a rakshasa on level 1 of the Depths)
 71885 | D:15     | Reached XP level 24. HP: 160/160 MP: 28/39
 72112 | Depths:1 | Identified the +5 hand crossbow of Xugu {flame, MR+ Str+4 Dex+4 Stlth+}
 72647 | Depths:2 | Noticed a caustic shrike
 72649 | Depths:2 | Noticed a golden dragon
 72652 | Depths:2 | Killed a caustic shrike
 72778 | Depths:2 | Reached skill level 5 in Translocations
 72786 | Depths:2 | Noticed a golden dragon
 72800 | Depths:2 | Killed a golden dragon
 73110 | Depths:2 | Killed a golden dragon
 73345 | Depths:2 | Found Qatohel's Island Escapes.
 73651 | Depths:2 | Found a one-way gate leading to the halls of Pandemonium.
 74053 | Depths:2 | Upgraded the game from 0.19-a0-262-g5df7875 to 0.19-a0-277-g85cb9a5
 74152 | Depths:3 | Noticed Sojobo
 74220 | Depths:3 | Noticed Margery
 74348 | Depths:3 | Killed Sojobo
 74762 | Depths:3 | Killed Margery
 74853 | Depths:3 | Reached XP level 25. HP: 167/167 MP: 25/39
 75278 | Depths:3 | Found a one-way gate to the infinite horrors of the Abyss.
 75536 | Depths:4 | Noticed a caustic shrike
 75596 | Depths:3 | Killed a caustic shrike
 76631 | Depths:4 | Noticed a juggernaut
 76913 | Depths:1 | Learned a level 4 spell: Animate Dead
 77667 | Depths:3 | Noticed a greater mummy
 77669 | Depths:3 | Identified the cursed +1 flail "Ureum" {antimagic, Str+4}
 77771 | Depths:3 | Noticed a greater mummy
 77780 | Depths:3 | Killed a greater mummy
 77780 | Depths:3 | Reached skill level 10 in Conjurations
 77856 | Depths:5 | Entered Level 5 of the Depths
 78038 | Depths:5 | Noticed Xtahua
 78421 | Elf:2    | Bought the ring "Fixkunud" {rF++ AC+2 Dex+4} for 643 gold pieces
 79695 | Vaults:3 | Bought a polished hand crossbow for 357 gold pieces
 79695 | Vaults:3 | Identified the +10 hand crossbow of Cocytus {penet, Str+3 Int+5} (You bought it in a shop on level 3 of the Vaults)
 79695 | Vaults:3 | Bought a crystal trident for 357 gold pieces
 79695 | Vaults:3 | Identified the +7 trident of Rinu {pierce, Int+2} (You bought it in a shop on level 3 of the Vaults)
 79746 | Vaults:4 | Reached XP level 26. HP: 175/175 MP: 33/40
 79894 | Vaults:5 | Entered Level 5 of the Vaults
 80217 | Vaults:5 | Identified the +3 scale mail "Ripribua" {rCorr Str+2 SInv}
 80257 | Vaults:4 | Reached skill level 1 in Fire Magic
 80452 | Vaults:5 | Found Kymikexu's Jewellery Boutique.
 80517 | Vaults:5 | Reached skill level 10 in Translocations
 81497 | Vaults:5 | Reached skill level 22 in Shields
 81646 | Vaults:5 | Identified the +4 battleaxe of Patterns {pain, *Rage rElec rF+ rN+} (You took it off a deep elf annihilator on level 5 of the Vaults)
 82015 | Vaults:5 | Learned a level 4 spell: Cause Fear
 82040 | Vaults:5 | Identified the +2 mace of Vesmevio {speed, *Drain MP+9 Int+6 SInv} (You took it off a vault sentinel on level 5 of the Vaults)
 82374 | Vaults:4 | Reached XP level 27. HP: 178/183 MP: 17/40
 82717 | Vaults:5 | Identified the +9 glaive of Valour {chop, Str+4 Stlth+} (You took it off a vault sentinel on level 5 of the Vaults)
 83075 | Vaults:5 | Got a silver rune of Zot
 83270 | Vaults:5 | Identified the Grimoire of the Voyage and Transmutation
 83274 | Vaults:5 | Learned a level 2 spell: Blink
 83907 | Crypt:1  | Entered Level 1 of the Crypt
 84829 | Crypt:3  | Entered Level 3 of the Crypt
 86579 | Lair:6   | Quit the game

Vault maps used:
D:1:      lightli_arrival_lavapool, serial_forest, infiniplex_forest_lined_ring,
          infiniplex_forest_clump_double, infiniplex_forest_end_1,
          infiniplex_forest_clump_double, infiniplex_forest_straight_1,
          infiniplex_forest_3_way, infiniplex_forest_split,
          infiniplex_forest_lined_1, kennysheep_pointless_box,
          hangedman_feature_mirror
D:2:      nicolae_overflow_hidden_temple, first_bread,
          nemelex_xobeh_ov_fountains_minmay, uniq_iyjb
D:3:      marbit_many_paths, grunt_temple_overflow_open
D:5:      hangedman_decor_diamond_cutter, lightli_corner_chamber, uniq_menkaure
D:6:      minmay_temple_entry_nine_rooms, tgw_kikubaaqudgha
D:7:      old_standard_altar, led_sif_pool, serial_shops,
          nicolae_shop_statue_plus, the_bakery
D:8:      vehumet_crystals, eino_jars, uniq_joseph, uniq_pikel, uniq_grum
D:9:      nicolae_ru_great_annihilating_truth, david_lair_shrubbed,
          uniq_prince_ribbit1
D:10:     serial_bayou, serial_bayou_pond_e, serial_bayou_lagoon_b,
          serial_bayou_lake_a, serial_bayou_pond_e, basic_altar, serial_shops,
          nicolae_shop_waterfront, nooodl_orcs_dogs
D:11:     erik_orc_2, grunt_decor_fettered, hex_tiny, uniq_maurice
D:13:     basic_altar, serial_shops, shop_fountains, nicolae_shop_behind_doors,
          shop_fountains, shop, grunt_ministairs_13, kennysheep_generic_room_11
D:14:     grunt_vaults_entry_tiered, enter_bailey_1, minivault_15, uniq_sonja
D:15:     hangedman_depths_entry_civil_slaughter, columned_hall_lemuel,
          serial_shops, shop
Temple:   minmay_temple_curvy_8
Lair:2:   minmay_lair_venomous_thicket, grunt_megastairs_4
Lair:3:   minmay_shoals_entry_lonely_mermaid, uniq_maud
Lair:4:   infiniplex_staircase_pool
Lair:5:   serial_forest, infiniplex_forest_clump_medium,
          infiniplex_forest_corner_2, infiniplex_forest_3_way,
          infiniplex_forest_lined_room_2, infiniplex_forest_straight_3,
          infiniplex_forest_straight_5, infiniplex_forest_end_2,
          infiniplex_forest_zigzag_2, infiniplex_forest_3_way,
          infiniplex_forest_straight_3
Lair:6:   dummy_snake_entry, minmay_slime_entry_eyes, serial_bayou_ford_a,
          fungi_pond_lemuel
Lair:7:   st_stairs_8, grunt_megastairs_1, serial_bayou_shore_a
Lair:8:   hangedman_lair_caniforms_friends, hangedman_lair_in_review
Shoals:3: nicolae_alphabet_shops
Shoals:4: shoals_end_hangedman, shoals_ilsuiw_ice, uniq_nikola
Snake:1:  minmay_snake_river, special_room
Snake:3:  onia_ninara_swampy_vault, uniq_aizul, uniq_vashnia
Snake:4:  johnstein_snake_rune_scales, uniq_saint_roka
Orc:2:    grunt_orc_gardens, grunt_orc_garden, grunt_orc_garden,
          grunt_orc_garden, grunt_orc_garden, serial_shops,
          nicolae_shop_behind_doors
Elf:1:    hangedman_staggered_hall, serial_shops, shop, mu_enter_wizlab_2,
          kennysheep_underground_church, uniq_roxanne
Elf:2:    serial_shops, shop
Elf:3:    minmay_elf_hall_spiked, serial_shops, nicolae_shop_crystal
Vaults:1: v_misc_2, hangedman_vaults_trim, ontoclasm_vaults_gateway,
          vaults_standard_mumra_lines, nicolae_vaults_network_square,
          v_pattern_4, vaults_room_fours, ontoclasm_vaults_fault,
          nicolae_vaults_little_squares_4, nicolae_vaults_diagonal_hallway_7,
          grunt_vaults_hallway_short, nicolae_vaults_asterisk, serial_shops,
          shop, uniq_jorgrun, uniq_wiglaf
Vaults:2: v_misc_16, nicolae_vaults_network_periphery, ontoclasm_vaults_bender,
          nicolae_vaults_network_quinsquares, minmay_crypt_entry_necro_gods,
          ontoclasm_vaults_ring_square, dpeg_vaults_monster_box,
          nicolae_vaults_alarming, nicolae_vaults_ninety_degrees,
          nicolae_vaults_rhombus_5, ontoclasm_vaults_spin,
          nicolae_vaults_little_squares_4, vaults_dpeg_cross, serial_shops,
          nicolae_shop_overgrown_old_shop
Vaults:3: v_rooms_3, v_rooms_5, hangedman_vaults_stretched_pinwheel,
          vaults_room_door_hall, v_rooms_6, hangedman_vaults_variations,
          v_pattern_1, nicolae_vaults_hallways_thing, vaults_room_semicircle,
          serial_shops, shop, uniq_donald
Vaults:4: nicolae_vaults_yaktaur_gun_rack, nicolae_vaults_big_angled_halls,
          hangedman_vaults_nails, nicolae_vaults_network_s, v_alt_pattern_1,
          vaults_dpeg_hooks, grunt_vaults_funnel, v_misc_33,
          nicolae_vaults_shelves_hall, grunt_vaults_bifocal,
          nicolae_vaults_big_ls, nicolae_vaults_circle_grid_b,
          vaults_room_semicircle, ontoclasm_vaults_shuriken, v_misc_13
Crypt:1:  grunt_ministairs_14
Crypt:3:  due_elkab, tomb_entry_shell_bobbens, uniq_mara
Depths:1: minmay_smoke_and_mirrors, hangedman_coc_ice_floe, minmay_metal_thing,
          grunt_megastairs_2
Depths:2: minmay_octo_star, grunt_pan_entry_in_and_out, pf_hell_entry_tar_river,
          grunt_decor_arrowhead, nicolae_island_escapes, uniq_sojobo
Depths:3: ragdoll_tomb_raider, abyss_entry, rand_demon_pan_entry_9, hell_entry,
          hex_medium, uniq_margery
Depths:4: kennysheep_large_spiral, minmay_room_of_horrors, hell_entry,
          infiniplex_staircase_split_hallway, kennysheep_random_hallway
Depths:5: evilmike_zot_entry_gauntlet, enter_ziggurat_d, pan_entry, hell_entry,
          grunt_decor_cap, minmay_misc_feat_rows, tgw_xom, uniq_xtahua
Bailey:   bailey_axe_bossmonster_kennysheep, bailey
WizLab:   wizlab_lehudib

Skill      XL: |  1  2  3  4  5  6  7  8  9 10 11 12 13 14 15 16 17 18 19 20 21 22 23 24 25 26 27 |
---------------+----------------------------------------------------------------------------------+-----
Charms         | 2 3 4 7 8 9 |  9.2
Spellcasting   | 2 3 4 5 6 7 8 9 10 11 12 13 | 13.5
Conjurations   | 1 2 3 4 5 6 7 8 9 10 | 10.6
Air Magic      | 4 5 7 8 9 10 11 | 11.6
Stealth        | 3 4 5 8 9 10 12 13 14 15 16 17 18 19 | 19.8
Dodging        | 3 4 5 7 8 9 10 11 12 13 14 15 16 17 18 | 18.8
Short Blades   | 1 2 3 4 5 6 7 8 9 10 11 12 13 | 13.9
Fighting       | 1 2 3 4 5 6 7 8 10 11 12 13 14 | 14.7
Necromancy     | 1 2 3 4 1 |  1.5
Poison Magic   | 1 2 3 4 5 |  5.5
Shields        | 5 10 11 12 13 14 15 17 20 21 22 | 22.5
Evocations     | 1 3 4 |  4.7
Hexes          | 1 2 |  2.9
Translocations | 3 7 9 10 11 | 11.4
Fire Magic     | 1 2 |  2.2

Action                   |  1- 3 |  4- 6 |  7- 9 | 10-12 | 13-15 | 16-18 | 19-21 | 22-24 | 25-27 || total
-------------------------+-------+-------+-------+-------+-------+-------+-------+-------+-------++-------
Melee: Unarmed           |     5 |       |       |       |       |       |       |       |       ||     5
       Dagger            |    23 |   154 |   276 |   677 |  1802 |  2672 |  2007 |  2096 |  2599 || 12306
       Short sword       |       |    23 |       |       |       |       |       |       |       ||    23
 Cast: Shock             |    68 |   136 |   173 |   129 |   125 |   131 |    75 |    39 |    32 ||   908
       Repel Missiles    |     1 |     1 |     1 |     1 |     1 |     4 |       |       |       ||     9
       Mephitic Cloud    |       |       |     9 |    52 |   124 |   102 |   151 |   158 |    98 ||   694
       Magic Dart        |       |       |     3 |       |     1 |       |    18 |    27 |     2 ||    51
       Animate Skeleton  |       |       |       |    63 |   170 |   155 |   139 |   159 |    41 ||   727
       Static Discharge  |       |       |       |     7 |     7 |       |       |       |       ||    14
       Swiftness         |       |       |       |     1 |     5 |     1 |       |       |       ||     7
       Regeneration      |       |       |       |     1 |    12 |    20 |    10 |     8 |     7 ||    58
       Iskenderun's Myst |       |       |       |       |    43 |    60 |    98 |    79 |    54 ||   334
       Lightning Bolt    |       |       |       |       |    15 |    10 |    14 |     9 |       ||    48
       Iskenderun's Batt |       |       |       |       |       |    38 |    67 |    76 |    37 ||   218
       Deflect Missiles  |       |       |       |       |       |     1 |     3 |     2 |     4 ||    10
       Dazzling Spray    |       |       |       |       |       |       |   104 |   103 |    16 ||   223
       Force Lance       |       |       |       |       |       |       |       |    71 |   140 ||   211
       Sticky Flame      |       |       |       |       |       |       |       |     7 |    87 ||    94
       Animate Dead      |       |       |       |       |       |       |       |       |    39 ||    39
       Blink             |       |       |       |       |       |       |       |       |     2 ||     2
Invok: Curse Item        |       |       |     1 |     6 |     1 |     2 |     1 |     2 |     1 ||    14
       Transfer Knowledg |       |       |       |       |       |     1 |       |       |       ||     1
       Scrying           |       |       |       |       |       |       |     1 |       |       ||     1
 Abil: Evoke Flight      |       |       |       |     1 |    10 |    54 |     2 |     3 |       ||    70
Evoke: Wand              |       |       |       |     6 |    14 |    25 |    25 |    17 |    14 ||   101
       Phial of floods   |       |       |       |       |       |       |       |     3 |     2 ||     5
       Lamp of fire      |       |       |       |       |       |       |       |       |     1 ||     1
  Use: Potion            |     1 |     3 |     1 |     2 |     3 |     8 |     3 |     6 |     5 ||    32
       Scroll            |     1 |    12 |     3 |     9 |     9 |    13 |    16 |    20 |    15 ||    98
 Stab: Sleeping          |     1 |     4 |     2 |    28 |    44 |    64 |    32 |    74 |    35 ||   284
       Confused          |       |       |     3 |    49 |   106 |    83 |   125 |   149 |   107 ||   622
       Distracted        |       |       |       |     7 |    22 |    18 |    18 |    28 |    37 ||   130
       Paralysed         |       |       |       |     1 |       |       |       |       |       ||     1
       Petrified         |       |       |       |       |       |     1 |       |       |       ||     1
       Invisible         |       |       |       |       |       |       |    31 |    20 |     3 ||    54
       Held in net/web   |       |       |       |       |       |       |       |       |     1 ||     1
  Eat: Chunk             |     5 |    16 |    15 |    26 |    47 |    60 |    52 |    62 |    26 ||   309
       Beef jerky        |       |     3 |       |       |     1 |     1 |       |     1 |     1 ||     7
       Fruit             |       |       |     3 |       |       |       |       |       |       ||     3
       Bread ration      |       |       |     2 |       |       |       |     1 |     1 |       ||     4
       Meat ration       |       |       |     1 |       |       |     2 |     2 |       |     2 ||     7
       Pizza             |       |       |     1 |       |       |       |       |     3 |     6 ||    10
       Royal jelly       |       |       |       |       |     2 |     3 |     5 |     5 |       ||    15
Armor: Robe              |     9 |    35 |    55 |    40 |    77 |    54 |    31 |    42 |    79 ||   422
Dodge: Dodged            |    32 |   160 |   202 |   312 |   509 |  1023 |   776 |   728 |   972 ||  4714
       Deflected         |       |     3 |     5 |     2 |     5 |    33 |    15 |    37 |    30 ||   130
Block: Other             |       |       |    65 |    87 |       |       |       |       |       ||   152
       Reflection        |       |       |     5 |     2 |    31 |   118 |   138 |   121 |    81 ||   496
       Shield            |       |       |       |    37 |   853 |  1476 |  1279 |  1573 |  2147 ||  7365
